 Dungeon Crawl Stone Soup version 0.16.2-12-gd0ad4c3 (webtiles) character file.

466 faibistes the Magician (level 6, -4/32 HPs)
             Began as a Deep Elf Wizard on June 1, 2019.
             Was an Initiate of Sif Muna.
             Killed by nerve-wracking pain
             ... invoked by Grinder
              (10 damage)
             ... on level 6 of the Dungeon.
             The game lasted 00:07:57 (4210 turns).

faibistes the Magician (Deep Elf Wizard)            Turns: 4210, Time: 00:07:57

Health: -4/32      AC:  2    Str:  4    XL:     6   Next: 81%
Magic:  21/23      EV: 14    Int: 25    God:    Sif Muna [......]
Gold:   208        SH:  0    Dex: 13    Spells: 6 memorised, 6 levels left

rFire  . . .     SeeInvis .     j - +0 dagger
rCold  . . .     Clarity  .     a - +0 robe
rNeg   . . .     SustAb   .     (no shield)
rPois  .         Gourm    .     b - +0 hat
rElec  .         Spirit   .     (no cloak)
rCorr  +         Warding  .     (no gloves)
rMut   .         Stasis   .     (no boots)
MR     .....                    g - amulet of resist corrosion (curse)
Stlth  ++........               (no ring)
                                (no ring)

@: repel missiles, not resistant to hostile enchantments, unstealthy
A: no striking features
a: Renounce Religion


You were on level 6 of the Dungeon.
You worshipped Sif Muna.
Sif Muna was noncommittal.
You were not hungry.

You visited 2 branches of the dungeon, and saw 7 of its levels.

You collected 208 gold pieces.

Inventory:

Hand weapons
 j - a +0 dagger (weapon)
Armour
 a - a +0 robe (worn)
 b - a +0 hat (worn)
Jewellery
 g - a cursed amulet of resist corrosion (around neck)
Scrolls
 e - a scroll of fog
 f - 2 scrolls of identify
 k - 2 scrolls of remove curse {unknown}
 l - 2 scrolls of fear {unknown}
 p - 2 scrolls of teleportation {unknown}
Potions
 i - 2 potions of agility
 m - 2 potions of haste
 n - a potion of curing
 q - a potion of heal wounds {unknown}
Books
 c - a book of Minor Magic

   Spells                             Type                      Level
   a - Magic Dart                     Conjuration                  1
   b - Blink                          Translocation                2
   c - Call Imp                       Summoning                    2
   d - Repel Missiles                 Charms/Air                   2
   e - Slow                           Hexes                        2
   f - Conjure Flame                  Conjuration/Fire             3
   g - Mephitic Cloud                 Conjuration/Poison/Air       3
Comestibles
 d - 6 bread rations
 h - 3 meat rations
 o - 7 fruits
 r - 3 chunks of flesh


   Skills:
 + Level 4.2 Dodging
 - Level 2.4 Stealth
 * Level 7.3 Spellcasting
 * Level 4.3 Conjurations
 - Level 1.1 Summonings
 - Level 2.5 Translocations
 * Level 0.4 Fire Magic
 * Level 0.0 Air Magic
 + Level 0.2 Poison Magic


You had 6 spell levels left.
You knew the following spells:

 Your Spells              Type           Power        Failure   Level  Hunger
a - Magic Dart            Conj           ####         1%          1    None
b - Conjure Flame         Conj/Fire      ###.....     10%         3    None
c - Call Imp              Summ           ##......     10%         2    None
d - Blink                 Tloc           N/A          4%          2    None
e - Mephitic Cloud        Conj/Pois/Air  ###.....     12%         3    None
f - Repel Missiles        Chrm/Air       #.....       12%         2    None


Dungeon Overview and Level Annotations

Branches:
Dungeon (6/15)             Temple (1/1) D:4

Altars:
Dithmenos
Elyvilon
Fedhas
Gozag
Kikubaaqudgha
Makhleb
Okawaru
Qazlal
Ru
Sif Muna
Trog
Vehumet
Xom
Zin

Annotations:
D:6 Grinder


Message History

Casting: Magic Dart
Confirm with . or Enter, or press ? or * to list all spells.
Aiming: Conjure Flame
Press: ? - help, Dir - move target cursor The fire roars!
Grinder gestures at you.
You suddenly lose the ability to move!
A giant frog comes into view.
Grinder is engulfed in roaring flames.
Grinder hits you! x2
You writhe in agony.
Grinder hits you!
* * * LOW HITPOINT WARNING * * *
You writhe in agony. x2
You can move again.
Drink which item? (? for menu, Esc to quit)
You feel better. Grinder gestures at you. Pain shoots through your body!
You die... ############### .....F§5@.....# #############.#

You could see Grinder and a giant frog.

Vanquished Creatures
  2 ogres (D:4)
  A hound (D:4)
  Natasha (thrice) (D:3)
  5 worker ants (D:4)
  5 adders
  A shadow imp (D:5)
  A giant gecko (D:1)
  2 orcs
  A ball python (D:4)
  2 giant cockroaches
  15 hobgoblins
  11 kobolds
  A quokka (D:4)
  11 bats
  5 giant newts
  8 goblins
  A quokka skeleton (D:4)
  5 rats
80 creatures vanquished.

Notes
Turn   | Place    | Note
--------------------------------------------------------------
     0 | D:1      | faibistes, the Deep Elf Wizard, began the quest for the Orb.
     0 | D:1      | Reached XP level 1. HP: 10/10 MP: 6/6
   149 | D:2      | Reached XP level 2. HP: 10/15 MP: 0/10
   156 | D:2      | Learned a level 2 spell: Blink
   159 | D:2      | Learned a level 2 spell: Call Imp
   571 | D:1      | Reached skill level 5 in Spellcasting
   706 | D:1      | Reached XP level 3. HP: 8/19 MP: 11/14
   711 | D:1      | Learned a level 3 spell: Conjure Flame
   716 | D:1      | Learned a level 3 spell: Mephitic Cloud
  1660 | D:5      | Entered Level 5 of the Dungeon
  1758 | D:2      | Reached XP level 4. HP: 24/24 MP: 10/17
  1775 | D:2      | Learned a level 2 spell: Repel Missiles
  2357 | D:3      | Noticed Natasha
  2363 | D:3      | Killed Natasha
  2864 | D:3      | Noticed Natasha
  2869 | D:3      | Killed Natasha
  2989 | D:3      | Noticed Natasha
  2992 | D:3      | Killed Natasha
  2992 | D:3      | Reached skill level 6 in Spellcasting
  3087 | D:4      | Noticed an ogre
  3094 | D:4      | Killed an ogre
  3094 | D:4      | Reached XP level 5. HP: 25/28 MP: 12/20
  3351 | D:4      | Reached XP level 6. HP: 32/32 MP: 17/22
  3565 | D:4      | Found a staircase to the Ecumenical Temple.
  3604 | Temple   | Entered the Ecumenical Temple
  3692 | Temple   | Became a worshipper of Sif Muna the Loreminder
  3739 | D:4      | Noticed an ogre
  3746 | D:4      | Killed an ogre
  3746 | D:4      | Reached skill level 7 in Spellcasting
  4079 | D:4      | Found an ancient bone altar of Kikubaaqudgha.
  4120 | D:4      | Found an opulent altar of Gozag.
  4203 | D:6      | Noticed Grinder
  4204 | D:6      | Paralysed by Grinder for 6 turns
  4205 | D:6      | Noticed a giant frog
  4209 | D:6      | HP: 1/32 [Grinder (10)]
  4210 | D:6      | Killed from afar by Grinder

Action                   |  1- 3 |  4- 6 || total
-------------------------+-------+-------++-------
Melee: Unarmed           |     1 |       ||     1
       Dagger            |       |     7 ||     7
 Cast: Magic Dart        |    78 |   108 ||   186
       Mephitic Cloud    |       |     6 ||     6
       Repel Missiles    |       |     1 ||     1
       Blink             |       |     1 ||     1
       Conjure Flame     |       |     4 ||     4
  Use: Potion            |     1 |     1 ||     2
       Scroll            |       |     4 ||     4
 Stab: Confused          |       |     1 ||     1
  Eat: Chunk             |     2 |     8 ||    10
